 Dungeon Crawl Stone Soup version 0.28-a0-730-g892d06dc2c (webtiles) character file.

Game seed: 8361706158391982448

5 AlleluiaPinecone the Poker (level 1, 0/11 HPs)
             Began as a Vine Stalker Berserker on Oct 28, 2021.
             Was a Follower of Trog.
             Slain by a jackal (1 damage)
             ... on level 1 of the Dungeon.
             The game lasted 00:00:29 (149 turns).

AlleluiaPinecone the Poker (Vine Stalker Berserker)  Turns: 149, Time: 00:00:30

Health: 0/11       AC:  2    Str: 19    XL:     1   Next: 80%
Magic:  0/2        EV: 12    Int:  7    God:    Trog [*.....]
Gold:   0          SH:  0    Dex: 13    Spells: 0/0 levels left

rFire   . . .      SeeInvis .   a - +0 spear
rCold   . . .      Faith    .   (no shield)
rNeg    . . .      Spirit   +   b - +0 animal skin
rPois   .          Reflect  .   (no helmet)
rElec   .          Harm     .   (no cloak)
rCorr   .          Rampage  .   (no gloves)
Will    .....                   (no boots)
Stlth   +.........              (no amulet)
HPRegen 0.03/turn               (no ring)
MPRegen 0.08/turn               (no ring)

@: no status effects
A: fangs 2, magic shield, antimagic bite, no potion heal 2
a: Renounce Religion, Berserk


You were on level 1 of the Dungeon.
You worshipped Trog.
Trog was aware of your devotion.
You visited 1 branch of the dungeon, and saw 1 of its levels.

Inventory:

Hand Weapons
 a - a +0 spear (weapon)
Armour
 b - a +0 animal skin (worn)
Potions
 c - 2 potions of heal wounds {unknown}


   Skills:
 + Level 2.8 Fighting
 * Level 2.9 Polearms
 + Level 1.6 Armour
 + Level 1.6 Dodging


You couldn't memorise any spells.
You didn't know any spells.
Your spell library was empty.

Dungeon Overview and Level Annotations

Branches:
Dungeon (1/15)

Altars:


Innate Abilities, Weirdness & Mutations

You have extremely sharp teeth.
When hurt, damage is shared between your health and your magic reserves.
Your bite disrupts and absorbs the magic of your enemies.
Potions cannot restore your health.


Message History

You are too injured to fight recklessly!
You are too injured to fight recklessly!
You are too injured to fight recklessly!
You are too injured to fight recklessly!
You are too injured to fight recklessly!
You are too injured to fight recklessly!
You are too injured to fight recklessly!
You are too injured to fight recklessly!
You are too injured to fight recklessly!
You are too injured to fight recklessly!
You are too injured to fight recklessly!
You are too injured to fight recklessly!
You hit the hobgoblin.
The hobgoblin is moderately wounded.
The endoplasm freezes you.
You are frozen.
* * * LOW HITPOINT WARNING * * *
The hobgoblin closely misses you.
You hit the hobgoblin. You bite the hobgoblin.
You kill the hobgoblin!
Trog accepts your kill. The endoplasm hits you.
* * * LOW HITPOINT WARNING * * *
You hit the endoplasm.
You kill the endoplasm!
Trog accepts your kill. The jackal bites you. The jackal closely misses you.
You hit the hobgoblin.
You kill the hobgoblin!
Trog accepts your kill.
The jackal bites you but does no damage.
You closely miss the jackal. Your bite misses the jackal.
The jackal barely misses you.
You hit the jackal. You bite the jackal, but do no damage.
The jackal is moderately wounded.
The jackal barely misses you. x2
You hit the jackal. Your bite misses the jackal.
The jackal is heavily wounded.
The jackal bites you.
You die...

.. .. ....#. ..#..
...... #.#.##....# .
#...#....##..
#.#.........#
####+####.#.....^....
#.......#...†h...#
#.8.8.8.#...@†...#
#.......#....#...#
+.8.<.8.'..###§......
#.......#.## .§#.###
#.8.8.8.### ... ..
#.......# .... ..
####+#### ..... .
......


You could see a jackal.

Vanquished Creatures
  An endoplasm (D:1)
  2 hobgoblins (D:1)
  A jackal (D:1)
4 creatures vanquished.

Notes
Turn   | Place    | Note
-------+----------+-------------------------------------------
     0 | D:1      | AlleluiaPinecone the Vine Stalker Berserker began the quest
                  | for the Orb.
     0 | D:1      | Reached XP level 1. HP: 11/11 MP: 2/2
   149 | D:1      | Slain by a jackal

Illustrated notes

Levels and vault maps discovered:
D:1:      doesnt_arrival_eight_statues, layout_rooms

Action                   || total
-------------------------++-------
Melee: Spear             ||    18
       Bite              ||     4
Armor: Animal skin       ||     2
Dodge: Dodged            ||    11

Table legend: (Time is in decaauts)
 A = Elapsed time spent in this place.
 B = Non-inter-level travel time spent in this place.
 C = Inter-level travel time spent in this place.
 D = Time resting spent in this place.
 E = Time spent auto-exploring this place.
 F = Levels seen in this place.
 G = Mean time per level.
                   A        B        C        D        E       F      G
               +--------+--------+--------+--------+--------+-----+--------+
         Total |    148 |    148 |      0 |      0 |    125 |   1 |  148.0 |
       Dungeon |    148 |    148 |      0 |      0 |    125 |   1 |  148.0 |
               +--------+--------+--------+--------+--------+-----+--------+

Top non-repeatable levels by time:
     D:1: 148 daAuts
